[Event "Late-Titled-Tuesday-Blitz-March-19-2024"]
[Site "Chess.com"]
[Date "2024.03.19"]
[Round "8"]
[White "Durarbayli"]
[Black "kids2010"]
[Result "1/2-1/2"]
[WhiteElo "2955"]
[BlackElo "2788"]
[TimeControl "180+1"]
[EndTime "15:29:22 PDT"]
[Termination "Game drawn by repetition"]

1. e4 c6 2. d4 d5 3. exd5 cxd5 4. c4 Nf6 5. Nc3 g6 6. Qb3 Bg7 7. cxd5 O-O 8. Be2 Nbd7 9. Nh3 Nb6 10. Nf4 Bf5 11.
O-O a5 12. Be3 Qd6 13. Rac1 a4 14. Qb5 Rfc8 15. Rfe1 Bd7 16. Qd3 Nfxd5 17. Nfxd5 Nxd5 18. Ne4 Qb4 19. a3 Qxb2 20. Rb1 Qc2 21. Rxb7 Qxd3 22. Bxd3 Bf5 23. Kf1 e6 24. Ke2 Bxe4 25. Bxe4 Nc3+ 26. Kd3 Nxe4 27. Kxe4 Bf8 28. Ra1 Rc3 29. Bc1 Rc2 30.
Kf3 Rac8 31. Be3 Ra8 32. Bc1 Rc3+ 33. Ke2 Rac8 34. Bd2 Rxa3 35. Rxa3 Bxa3 36. Ra7 Rc4 37. Kd3 Rc8 38. Rxa4 Bf8 39. h4 h5 40. g3 Bg7 41.
Be3 Bf6 42. Ke4 Kg7 43. Ra7 Rd8 44.
Ra6 Rc8 45. d5 Rc4+ 46. Kd3 exd5 47. Rd6 Rc3+ 48. Ke2 Rc2+ 49. Kd3 Ra2 50. Rxd5 Ra3+ 51. Ke4 Ra4+ 52. Kf3 Ra3 53. Rd7 Ra4 54. Ke2 Rg4 55. Bf4 Bxh4 56. f3 Rxg3 57. Be5+ Kh6 58. Bxg3 Bxg3 59.
Rxf7 Kg5 60. Kf1 Bf4 61. Kg2 Be5 62. Rb7 Bf4 63. Rb5+ Kf6 64. Kh3 g5 65. Rb6+ Kg7 66. Rb4 Kg6 67. Rc4 Kg7 68. Kg2 Kg6 69. Kf1 Kg7 70. Ke2 Kf6 71. Kf1 Kg6 72. Kg2 Kg7 73. Rc6 Kh7 74. Rf6 Kg7 75. Rf5 Kg6 76. Rd5 Kg7 77. Ra5 Kh7 78. Ra6 Kg7 79. Kf1 Kh7 80. Ke2 Kg7 81. Kd3 h4 82. Ke2 h3 83. Kf1 h2 84. Kg2 Kh7 85. Rc6 Kg7 86. Re6 Kf7 87. Rh6 Kg7 88. Rb6 Kf7 89. Rc6 Kg7 90.
Rc4 Kf7 91. Rxf4+ gxf4 92. Kxh2 Kg6 93. Kh3 Kg5 94. Kg2 Kh4 95. Kh2 Kh5 96. Kh3 Kg5 97.
Kg2 Kh4 98. Kh2 Kh5 99. Kh3 Kg5 1/2-1/2

[Event "Late-Titled-Tuesday-Blitz-March-19-2024"]
[Site "Chess.com"]
[Date "2024.03.19"]
[Round "8"]
[White "Sinquefield"]
[Black "karinachess1"]
[Result "1/2-1/2"]
[WhiteElo "2529"]
[BlackElo "2622"]
[TimeControl "180+1"]
[EndTime "15:29:23 PDT"]
[Termination "Game drawn by repetition"]

1. e4 e5 2. Nf3 Nc6 3. d4 exd4 4. Bc4 Nf6 5. O-O Nxe4 6. Re1 d5 7. Bxd5 Qxd5 8.
Nc3 Qa5 9. Nxe4 Be6 10. Neg5 O-O-O 11. Nxe6 fxe6 12. Rxe6 Bd6 13. Qe2 h6 14. Bd2 Qd5 15.
Qe4 Qxe4 16. Rxe4 Rhe8 17. Rae1 Rxe4 18. Rxe4 Bc5 19. Ne1 Bb4 20. Bxb4 Nxb4 21. a3 Nc6 22. Nd3 b6 23. Re6 Kb7 24. f4 Rf8 25. g4 Na5 26.
Re7 g5 27. f5 Nc6 28. Re6 h5 29. gxh5 Rxf5 30. h6 Rf7 31. Rg6 Rh7 32. Kg2 a5 33. Kg3 Nd8 34. Ne5 Re7 35. Rg7 Rxe5 36. h7 Re3+ 37. Kg2 Ne6 38. h8=Q Nxg7 39. Qxg7 Re2+ 40. Kg3 Rxc2 41. Qxd4 Rc5 42. b4 axb4 43. axb4 Rb5 44. Kg4 Kb8 45. Qc4 Re5 46. Qd4 Rb5 47. Qc3 Kb7 48. h3 Kb8 49. Qc4 Re5 50. Qd3 Kb7 51.
Qf3+ Kb8 52. Qd3 Kb7 53. b5 Rc5 54. Qe4+ Kb8 55. Qb4 Kb7 56. Qa4 Kb8 57. Kg3 Kb7 58. Qa6+ Kb8 59. Qa4 Kb7 60. Qb4 Ka7 61. Qb1 Kb7 62.
h4 gxh4+ 63. Kxh4 Kb8 64. Kg4 Kb7 65. Kf4 Kb8 66. Ke4 Kb7 67. Kd4 Kb8 68. Qf1 Kb7 69.
Qf3+ Kb8 70. Qf7 Kb7 71. Qe8 Ka7 72. Qe7 Kb7 73. Qd7 Ka7 74. Qe8 Kb7 75. Kd3 Ka7 76. Qc8 Rc1 77. Qa6+ Kb8 78. Kd4 Rc5 79. Qa4 Kb7 80. Qa6+ Kb8 81. Qa4 Kb7 82. Qa6+ Kb8 1/2-1/2

[Event "Late-Titled-Tuesday-Blitz-March-19-2024"]
[Site "Chess.com"]
[Date "2024.03.19"]
[Round "8"]
[White "DeTimmerman"]
[Black "M1711"]
[Result "0-1"]
[WhiteElo "2752"]
[BlackElo "2667"]
[TimeControl "180+1"]
[EndTime "15:29:27 PDT"]
[Termination "M1711 won by resignation"]

1. b4 c5 2. bxc5 e5 3. e3 Bxc5 4. d4 exd4 5. exd4 Be7 6. Bd3 d5 7. Ne2 Nf6 8. O-O O-O 9. Bf4 Nc6 10. c3 Bg4 11. Nd2 Re8 12. f3 Bh5 13. Re1 Bg6 14. Bxg6 hxg6 15. Nc1 Nh5 16. Be3 Bd6 17. Nd3 Qf6 18.
Nf1 g5 19. Qd2 Nf4 20. Bxf4 gxf4 21. Rxe8+ Rxe8 22. Re1 Rc8 23. Qb2 b6 24. Qb5 Ne7 25. Qb3 Qf5 26. Nf2 Ng6 27. Ng4 Nh4 28. Re2 Qg5 29. Kh1 Nf5 30. Ne5 Ne7 31. c4 dxc4 32. Nxc4 Qd5 33. Nxd6 Qxd6 34. Rd2 Nf5 35. Qd3 Ne3 36. Kg1 Rc1 37. Rf2 Rd1 38. Qe4 Qd7 39. Qxf4 Nxf1 40. Rxf1 Rxd4 41. Qb8+ Kh7 42. Qe5 Rd2 43. a3 Qd3 44. Qh5+ Kg8 45. Qg4 Qxa3 46. Qc8+ Qf8 47. Qc7 Qc5+ 48. Qxc5 bxc5 49. Ra1 Rd7 50. Kf2 Kh7 51. Rc1 Rc7 52. Ke3 Kg6 53. Kd3 Kf5 54. Kc4 Kf4 55. Re1 f5 56. Re6 g5 57. Rg6 Rh7 58. g3+ Kxf3 59. Rxg5 Ke4 60. h4 Rc7 61. Rg6 a5 62. Ra6 Rg7 63. Rxa5 Rxg3 64. Kxc5 Rh3 65. Kd6 f4 66. Ra4+ Kf5 67. Kd5 Rd3+ 68. Kc4 Rd8 69.
Kc3 Kg4 70. h5 Rd6 71. h6 Rxh6 72. Kd2 Re6 73. Ra3 f3 74. Ra8 Kg3 75. Rg8+ Kf2 76.
Rg5 Kf1 77. Rg6 Rxg6 0-1

[Event "Late-Titled-Tuesday-Blitz-March-19-2024"]
[Site "Chess.com"]
[Date "2024.03.19"]
[Round "8"]
[White "Bilan_Danila"]
[Black "MikaelyanArman"]
[Result "0-1"]
[WhiteElo "2652"]
[BlackElo "2852"]
[TimeControl "180+1"]
[EndTime "15:29:34 PDT"]
[Termination "MikaelyanArman won by resignation"]

1. d4 Nf6 2. Nf3 g6 3. Bg5 Bg7 4. Nbd2 d5 5. e3 O-O 6. Bd3 Nbd7 7. c3 c5 8. O-O b6 9. Qe2 Bb7 10. e4 cxd4 11. Nxd4 Nc5 12. e5 Nxd3 13. exf6 exf6 14. Bxf6 Nf4 15. Bxd8 Nxe2+ 16. Nxe2 Raxd8 17. Nf3 Rfe8 18. Ned4 h6 19. Rfe1 Re4 20. g3 Rde8 21. Kg2 g5 22. h3 Kh7 23. g4 Kg6 24. Kg3 Bc8 25. Rad1 h5 26. gxh5+ Kxh5 27. Nc2 Rxe1 28. Ncxe1 Be6 29. Nc2 f5 30. Nb4 f4+ 31. Kg2 Rd8 32. Nc6 Rd6 33.
Ncd4 Bd7 34. Re1 Kg6 35. Ne5+ Bxe5 36. Rxe5 Kf6 37. Re1 b5 38. b4 Ra6 39. Re2 Ra3 40.
Rc2 a5 41. bxa5 Rxa5 42. f3 Ra3 43. Nb3 Ke5 44. Re2+ Kd6 45. Rd2 Bf5 46. Nd4 Bd7 47. Nb3 Ra8 48. Rd1 Rc8 49. Rc1 Re8 50. Rc2 Re3 51. Nd4 Rd3 52. Rb2 Rxc3 53. Rxb5 Rd3 54. Rb4 Rd2+ 55. Kf1 Rxa2 56. Ne2 Bf5 57. Rd4 Ke5 58.
Rd1 Bc2 59. Rd2 Ra1+ 60. Kg2 Bf5 61. Nd4 Bg6 62. Nc6+ Kd6 63. Nb4 Bf7 64. Nc2 Ra2 65.
Kf2 Bg6 66. Rxd5+ Ke6 67. Rxg5 Rxc2+ 68. Kg1 Bf5 69. h4 Kf6 70. Rg8 Bg6 71. Rf8+ Ke5 72. Rg8 Bf5 73. h5 Rc1+ 74. Kf2 Rc2+ 75. Kg1 Rc6 76. Kf2 Rh6 77. Ra8 Rxh5 78. Ra5+ Kf6 79. Ra6+ Kg5 80. Ra5 Rh2+ 81. Kg1 Rb2 82. Re5 Kf6 83.
Ra5 Bd3 84. Rh5 Re2 85. Rh6+ Kg5 86. Rh8 Rb2 87. Rg8+ Kf5 88. Rf8+ Ke5 89. Re8+ Kd4 90. Re1 Be2 91. Kf2 Bd3+ 92. Kg1 Rb1 93. Rxb1 Bxb1 0-1

[Event "Late-Titled-Tuesday-Blitz-March-19-2024"]
[Site "Chess.com"]
[Date "2024.03.19"]
[Round "8"]
[White "Sargsyan_Shant"]
[Black "DavidGavrilescu18"]
[Result "1-0"]
[WhiteElo "2945"]
[BlackElo "2765"]
[TimeControl "180+1"]
[EndTime "15:29:50 PDT"]
[Termination "Sargsyan_Shant won by resignation"]

1. c4 e6 2. g3 d5 3. Bg2 Nf6 4.
Nf3 Be7 5. O-O O-O 6. d4 dxc4 7. Qc2 b5 8. a4 b4 9. Nbd2 Bb7 10. Nxc4 c5 11.
dxc5 Be4 12. Qd1 Nbd7 13. Bg5 Nxc5 14. Qxd8 Rfxd8 15. Nfe5 Bxg2 16. Kxg2 Rac8 17. Na5 Nd5 18. Bxe7 Nxe7 19. Rfc1 f6 20. Nec4 Kf8 21. Ne3 Rc7 22.
Rc4 Na6 23. Rxc7 Nxc7 24. Rc1 Ncd5 25. Nxd5 Rxd5 26. Nb3 Ke8 27. Rc4 a5 28. e4 Rd6 29.
Nxa5 Ra6 30. Rc5 Kd7 31. b3 Nc8 32. Nc4 Na7 33. Kf3 Nc6 34. Ke3 Kc7 35. f4 Ra8 36. e5 f5 37. Nd6 g6 38. Rc4 Kb6 39. Nb5 Na5 40. Rxb4 Kc5 41. Rd4 Nxb3 42. Rd3 Na5 43. Nd4 Nc4+ 44. Kf3 Ra6 45. Nb3+ Kb4 46. a5 h5 47. Kg2 Ra8 48. Kh3 Nb2 49. Rf3 Nd1 50. Kh4 Nc3 51. Nd4 Ra6 52. Kg5 Kc4 53. Nc2 Rxa5 54. Kxg6 Ra2 55. Ne3+ Kd4 56. Nf1 h4 57. gxh4 Ne4 58. h5 Ra8 59. h6 Rg8+ 60. Kf7 Rg4 61.
Rh3 Rxf4 62. h7 Ng5+ 63. Kf6 Nxh7+ 64. Rxh7 Rxf1 65. Kxe6 f4 66. Kf5 f3 67. Kf4 f2 68.
Rd7+ Kc5 69. Rd2 Kc6 70. h4 Kc7 71. h5 Rh1 72. Rxf2 Rxh5 73. Rd2 Kc6 74. Ke4 Rh4+ 75. Kf5 Rh1 76. e6 Rf1+ 77. Ke5 Kc7 78. e7 Re1+ 79. Kf6 Rf1+ 80. Ke6 Re1+ 81. Kf7 Rf1+ 82. Ke8 Kc8 83. Rc2+ Kb7 84. Rc4 Kb6 85. Kd7 Kb5 86.
Re4 Rd1+ 87. Ke6 1-0

[Event "Late-Titled-Tuesday-Blitz-March-19-2024"]
[Site "Chess.com"]
[Date "2024.03.19"]
[Round "8"]
[White "Heydarli77"]
[Black "Yan_Dyomin2010"]
[Result "1/2-1/2"]
[WhiteElo "2405"]
[BlackElo "2732"]
[TimeControl "180+1"]
[EndTime "15:29:54 PDT"]
[Termination "Game drawn - insufficient material"]

1. d4 Nf6 2. Nf3 g6 3. g3 Bg7 4. Bg2 O-O 5. b3 d6 6. Bb2 Nc6 7. O-O e5 8. dxe5 Ng4 9. c4 Ngxe5 10. Nc3 Nxf3+ 11. Bxf3 Bh3 12. Bg2 Bxg2 13. Kxg2 Re8 14.
Qd2 Re6 15. Nd5 Bxb2 16. Qxb2 Ne5 17. Rad1 c6 18. Nf4 Re8 19. c5 d5 20. e4 Qe7 21.
exd5 Qxc5 22. Qd4 Qxd4 23. Rxd4 c5 24. Rd2 Nd7 25. d6 Kg7 26. Nd5 Rad8 27. Nc7 Re4 28.
Nb5 a6 29. Nc3 Rd4 30. Rxd4 cxd4 31. Ne4 Nf6 32. Nc5 b6 33. Nxa6 Rxd6 34. Nb4 Ne4 35.
Rd1 Nc3 36. Rd2 Kf6 37. f4 h5 38. a4 Ke6 39. Nc2 d3 40. Nb4 Rd4 41. Rxd3 Rxb4 42. Rxc3 Kd5 43. Rc7 Rxb3 44. Rxf7 Rb2+ 45. Kh3 Ke6 46.
Rb7 Kf5 47. a5 b5 48. a6 b4 49. a7 Ra2 50. Rb5+ Kf6 51. Rxb4 Rxa7 52. Rb6+ Kf5 53. Kh4 Ra2 54. h3 Rh2 55. Rb8 Rh1 56. Rf8+ Ke6 57.
Ra8 Kf6 58. Ra6+ Kf5 59. Ra5+ Kf6 60. Rg5 Rh2 61. f5 gxf5 62. Rxh5 Rg2 63. Rh6+ Kg7 64. Ra6 Rg1 65. g4 fxg4 66. hxg4 Rb1 67. Ra5 Rb6 68. Kh5 Rc6 69. Ra7+ Kg8 70. g5 Rb6 71. Rc7 Rd6 72. Re7 Rb6 73. Kg4 Rd6 74. Kf5 Rb6 75. Rd7 Ra6 76.
Kg4 Rb6 77. Re7 Ra6 78. Kf5 Rb6 79. Re6 Rb7 80. Kg6 Rg7+ 81. Kh5 Rh7+ 82. Kg4 Rb7 83. Ra6 Kg7 84. Kh5 Rc7 85. Re6 Rb7 86. Rg6+ Kh7 87. Rc6 Kg7 88. Rc5 Ra7 89. Rf5 Rb7 90. Rd5 Ra7 91. Kg4 Rb7 92. Kf5 Ra7 93. Ke6 Rb7 94.
Rf5 Kg6 95. Rf6+ Kxg5 96. Rf7 Rb6+ 97. Kd5 Rb1 98. Ke4 Re1+ 99. Kd3 Re8 100. Rg7+ Kf6 101. Rg3 Re5 102. Rf3+ Ke6 103. Re3 Rxe3+ 104. Kxe3 1/2-1/2

[Event "Late-Titled-Tuesday-Blitz-March-19-2024"]
[Site "Chess.com"]
[Date "2024.03.19"]
[Round "8"]
[White "LangesNasenhaar"]
[Black "ChessSwole"]
[Result "1-0"]
[WhiteElo "2547"]
[BlackElo "2672"]
[TimeControl "180+1"]
[EndTime "15:29:59 PDT"]
[Termination "LangesNasenhaar won by checkmate"]

1. d4 d5 2. Nf3 Nf6 3. g3 e6 4. Bg2 Be7 5. O-O O-O 6. c4 dxc4 7.
Ne5 Qd6 8. Nxc4 Qa6 9. Qc2 Rd8 10. Rd1 c5 11. e3 Nc6 12. Bf1 cxd4 13. Ne5 Nb4 14.
Qb3 Qa5 15. exd4 Nc6 16. Bd2 Qd5 17. Bc4 Qxd4 18. Nxc6 bxc6 19. Nc3 Nd5 20. Bg5 Qc5 21. Ne4 Qb4 22. Qxb4 Nxb4 23. Rxd8+ Bxd8 24. Bxd8 Bd7 25. Be7 Nd5 26. Bc5 a5 27. b3 f6 28. Rc1 Kf7 29. Be2 Kg6 30. Ba3 e5 31. Nc5 Be8 32. Bd3+ Kf7 33. Bc4 Kg6 34. Bb2 Nb6 35. Bd3+ Kf7 36.
Ne4 Rd8 37. Bc4+ Kg6 38. Ba3 Bd7 39. Nc5 Bh3 40. Bf1 Bf5 41. Nb7 Rd2 42. Nxa5 Rxa2 43.
Bb4 Nd5 44. Be1 h5 45. Nxc6 Rb2 46. b4 h4 47. b5 hxg3 48. hxg3 Nb6 49. Ne7+ Kg5 50.
Nxf5 Kxf5 51. Rd1 Ke6 52. Rc1 Kd5 53. Rc6 Na4 54. Rc7 Rb1 55. Bd2 g5 56. Kg2 Rb2 57. Bc1 Rb1 58. Ba3 Nb6 59. Rf7 Ke6 60. Rf8 Rb3 61. Bc5 Nd5 62. Be3 Kf5 63. Bc5 Rc3 64. Bd6 Rc2 65. Rd8 Rd2 66. Bc7 Ne3+ 67. Kg1 Rxd8 68. Bxd8 Nd5 69. b6 Nb4 70. Bc7 Nc6 71.
Bb5 Na5 72. Ba6 Ke6 73. b7 Nxb7 74. Bxb7 f5 75. Bc8+ Kf6 76. Kg2 g4 77. Bb6 Kg5 78.
Ba5 f4 79. Bd2 Kh5 80. gxf4 exf4 81. Bxf4 Kh4 82. Bg3+ Kg5 83. Ba6 Kh5 84. Bd3 Kg5 85. Be2 Kh5 86. Bd1 Kg5 87. Bc2 Kh5 88. Bb1 Kg5 89. Kf1 Kh5 90. Ke2 Kg5 91. Ke3 Kh5 92.
Ke4 Kg5 93. Ke5 Kh5 94. Kf4 Kh6 95. Bf5 Kg7 96. Bxg4 Kf6 97. Bh3 Kg6 98. f3 Kf6 99. Kg4 Kf7 100. f4 Kg7 101. f5 Kf6 102. Kf4 Kf7 103. Bh4 Kf8 104. Bg5 Kf7 105. Bf1 Kg8 106. Bc4+ Kg7 107. f6+ Kf8 108. Kf5 Ke8 109. f7+ Kf8 110. Bh6+ Ke7 111.
f8=Q+ Kd7 112. Qf7+ Kc6 113. Qd5+ Kb6 114. Be3+ Kc7 115. Qc5+ Kd7 116. Be6+ Kd8 117. Bg5+ Ke8 118. Qe7# 1-0

[Event "Late-Titled-Tuesday-Blitz-March-19-2024"]
[Site "Chess.com"]
[Date "2024.03.19"]
[Round "9"]
[White "Stanbad1"]
[Black "mac0504"]
[Result "1-0"]
[WhiteElo "2610"]
[BlackElo "2703"]
[TimeControl "180+1"]
[EndTime "15:37:53 PDT"]
[Termination "Stanbad1 won by resignation"]

1. d4 Nf6 2. Nc3 g6 3. e4 d6 4.
Be3 Bg7 5. f3 a6 6. Qd2 b5 7.
O-O-O h5 8. Nh3 Nbd7 9. Nf2 Nb6 10. b3 b4 11. Nb1 a5 12. Bb5+ Bd7 13. Bxd7+ Qxd7 14.
Rhe1 Qb5 15. d5 Nxe4 16. Nxe4 Bb2+ 17. Kxb2 1-0

[Event "Late-Titled-Tuesday-Blitz-March-19-2024"]
[Site "Chess.com"]
[Date "2024.03.19"]
[Round "9"]
[White "Masterisback04"]
[Black "Tugrik1969"]
[Result "1-0"]
[WhiteElo "1968"]
[BlackElo "2380"]
[TimeControl "180+1"]
[EndTime "15:38:05 PDT"]
[Termination "Masterisback04 won by checkmate"]

1. e4 c5 2. Nf3 d6 3. d4 cxd4 4. Qxd4 Nc6 5. Bb5 Bd7 6. Bxc6 Bxc6 7. Nc3 h6 8. O-O e5 9. Qc4 Nf6 10. Rd1 Qa5 11. b4 Qd8 12. Nxe5 Rc8 13. Qxf7# 1-0

[Event "Late-Titled-Tuesday-Blitz-March-19-2024"]
[Site "Chess.com"]
[Date "2024.03.19"]
[Round "9"]
[White "szachmistrz2500"]
[Black "cristiano78"]
[Result "1-0"]
[WhiteElo "2448"]
[BlackElo "2247"]
[TimeControl "180+1"]
[EndTime "15:38:13 PDT"]
[Termination "szachmistrz2500 won by checkmate"]

1. d4 Nf6 2. Nc3 g6 3. e4 d6 4.
Be3 Bg7 5. f3 O-O 6. g4 c6 7.
Qd2 h5 8. gxh5 Nxh5 9. O-O-O b5 10. Nce2 a5 11. Ng3 Nf6 12. h4 e5 13. h5 exd4 14.
Bxd4 Qe7 15. Bh3 Nxh5 16. Nxh5 gxh5 17. Ne2 Kh7 18. Bxg7 Kxg7 19. Rdg1+ Kh7 20. Bf5+ Bxf5 21. Rxh5# 1-0

[Event "Late-Titled-Tuesday-Blitz-March-19-2024"]
[Site "Chess.com"]
[Date "2024.03.19"]
[Round "9"]
[White "stollenmonster"]
[Black "nihalsarin"]
[Result "0-1"]
[WhiteElo "2890"]
[BlackElo "3159"]
[TimeControl "180+1"]
[EndTime "15:39:07 PDT"]
[Termination "nihalsarin won by resignation"]

1. e4 g6 2. g3 Bg7 3. Bg2 c6 4. d4 d5 5. exd5 cxd5 6. Ne2 Nc6 7. c3 h5 8. h3 Nh6 9. O-O O-O 10. Nd2 b5 11. a3 Nf5 12. Nf4 e6 13. Nf3 a5 14.
Nd3 Ba6 15. Nc5 Qc8 16. Nxa6 Rxa6 17. g4 hxg4 18. hxg4 Nd6 19. Ng5 b4 20. axb4 axb4 21.
Rxa6 Qxa6 22. Qf3 bxc3 23. Qh3 Rc8 24. Qh7+ Kf8 25. Bf4 Nxd4 26. Bxd6+ Qxd6 27. bxc3 Rxc3 28. Rb1 Rc1+ 29. Rxc1 Ne2+ 30. Kh1 Nxc1 31. Qh4 Nd3 32. Kg1 Qf4 33. Nh3 Qf6 34. Qg3 Qa1+ 35. Bf1 Ne5 36.
Qb3 Qb2 37. Qa4 Qb8 38. Qa3+ Kg8 39. Qe7 Nxg4 0-1

[Event "Late-Titled-Tuesday-Blitz-March-19-2024"]
[Site "Chess.com"]
[Date "2024.03.19"]
[Round "9"]
[White "vova-79"]
[Black "PNEPaul"]
[Result "1-0"]
[WhiteElo "2511"]
[BlackElo "1978"]
[TimeControl "180+1"]
[EndTime "15:39:21 PDT"]
[Termination "vova-79 won by resignation"]

1. d4 a6 2. c3 d6 3. g3 g6 4. Bg2 h6 5. e4 Bg7 6. Ne2 Nd7 7. O-O e6 8. a4 Ne7 9. a5 O-O 10. Na3 Kh7 11. Qc2 f5 12. Nf4 Nf6 13. exf5 exf5 14. Re1 c6 15. Nc4 Ned5 16. Nxd5 Nxd5 17.
Bxd5 cxd5 18. Nb6 Rb8 19. Nxd5 Bd7 20. Bf4 Bc6 21. Nb6 Be4 22. Qe2 Re8 23. f3 Bc6 24.
Qf2 Qf6 25. d5 g5 26. dxc6 gxf4 27. c7 Rbc8 28. Rxe8 Rxe8 29. Re1 1-0

[Event "Late-Titled-Tuesday-Blitz-March-19-2024"]
[Site "Chess.com"]
[Date "2024.03.19"]
[Round "9"]
[White "xasid81"]
[Black "Godzillator"]
[Result "1-0"]
[WhiteElo "2595"]
[BlackElo "2402"]
[TimeControl "180+1"]
[EndTime "15:39:48 PDT"]
[Termination "xasid81 won by resignation"]

1. a3 d5 2. e3 Nf6 3. c4 c6 4. Nf3 Bg4 5. cxd5 cxd5 6. Bb5+ Nc6 7. Qa4 Bd7 8. d4 a6 9. Bxc6 Bxc6 10. Qc2 Rc8 11.
Nc3 e6 12. Ne5 Bb5 13. Qb3 Qa5 14. Bd2 Bc4 15. Nxc4 Rxc4 16. Qxb7 Be7 17. O-O Rc7 18. Qb8+ Bd8 19. b4 1-0

[Event "Late-Titled-Tuesday-Blitz-March-19-2024"]
[Site "Chess.com"]
[Date "2024.03.19"]
[Round "9"]
[White "VD_coach"]
[Black "angelgab3"]
[Result "1/2-1/2"]
[WhiteElo "2516"]
[BlackElo "2628"]
[TimeControl "180+1"]
[EndTime "15:39:50 PDT"]
[Termination "Game drawn by repetition"]

1. d4 Nf6 2. Nf3 e6 3. c4 d5 4. cxd5 exd5 5. Nc3 c6 6. Bg5 h6 7. Bh4 Bf5 8. e3 Bd6 9. Bd3 Bxd3 10. Qxd3 O-O 11. O-O Nbd7 12. e4 dxe4 13. Nxe4 Be7 14.
Ng3 Re8 15. Nf5 Bf8 16. Rae1 Qa5 17. Ne5 Nxe5 18. dxe5 Rxe5 19. Nxh6+ gxh6 20. Bxf6 Rxe1 21. Qg3+ Kh7 22. Qd3+ Kg8 23. Qg3+ Kh7 24. Qd3+ Kg8 1/2-1/2

[Event "Late-Titled-Tuesday-Blitz-March-19-2024"]
[Site "Chess.com"]
[Date "2024.03.19"]
[Round "9"]
[White "jodarmarlon1985"]
[Black "ploxoi"]
[Result "1-0"]
[WhiteElo "2301"]
[BlackElo "2401"]
[TimeControl "180+1"]
[EndTime "15:40:04 PDT"]
[Termination "jodarmarlon1985 won by resignation"]

1. e4 c6 2. Nf3 d5 3. exd5 cxd5 4. Ne5 Nc6 5. d4 Nf6 6. c3 Qc7 7. Bf4 Qb6 8. b3 Bf5 9. Bd3 Bxd3 10. Qxd3 e6 11.
Nd2 Rc8 12. O-O Be7 13. Rfe1 O-O 14. Re3 a5 15. Rh3 g6 16. Re1 Nxe5 17. Bxe5 Nd7 18. Qe3 Nxe5 19. Qh6 1-0

[Event "Late-Titled-Tuesday-Blitz-March-19-2024"]
[Site "Chess.com"]
[Date "2024.03.19"]
[Round "9"]
[White "McCarthyStone"]
[Black "expii"]
[Result "1-0"]
[WhiteElo "2367"]
[BlackElo "2195"]
[TimeControl "180+1"]
[EndTime "15:40:07 PDT"]
[Termination "McCarthyStone won by resignation"]

1. e4 c5 2. Nf3 d6 3. e5 dxe5 4. Nxe5 Nd7 5. Bb5 Nf6 6. Qf3 e6 7. Bxd7+ Bxd7 8. Qxb7 Rb8 9. Qxa7 Bd6 10. Nxd7 Nxd7 11.
Nc3 O-O 12. Qa6 Nf6 13. Qe2 Nd5 14. Nxd5 exd5 15. O-O Qc7 16. h3 Rfe8 17. Qf3 d4 18.
d3 Re7 19. a4 Rbe8 20. a5 Re1 21. Bd2 Rxa1 22. Rxa1 Qe7 23. a6 Qe5 24. g3 c4 25.
a7 1-0

[Event "Late-Titled-Tuesday-Blitz-March-19-2024"]
[Site "Chess.com"]
[Date "2024.03.19"]
[Round "9"]
[White "Vahe_Danielyan"]
[Black "gympod"]
[Result "1-0"]
[WhiteElo "2667"]
[BlackElo "2419"]
[TimeControl "180+1"]
[EndTime "15:40:10 PDT"]
[Termination "Vahe_Danielyan won by resignation"]

1. d4 Nf6 2. c4 e6 3. Nf3 Bb4+ 4.
Nbd2 O-O 5. e3 b6 6. Bd3 Bb7 7. O-O d5 8. cxd5 exd5 9. a3 Bd6 10.
b4 Nbd7 11. Bb2 Qe7 12. Rc1 Ne4 13. Qc2 f5 14. Bb5 Ndf6 15. Bc6 Bxc6 16. Qxc6 Rad8 17. Nxe4 fxe4 18. Ne5 Kh8 19. f4 exf3 20. Rxf3 Bxe5 21. dxe5 Ng4 22. Qxc7 Qh4 23. e6 1-0

[Event "Late-Titled-Tuesday-Blitz-March-19-2024"]
[Site "Chess.com"]
[Date "2024.03.19"]
[Round "9"]
[White "TregubovP"]
[Black "joksijoksi"]
[Result "1-0"]
[WhiteElo "2693"]
[BlackElo "2580"]
[TimeControl "180+1"]
[EndTime "15:40:13 PDT"]
[Termination "TregubovP won by resignation"]

1. e4 c5 2. Nf3 e6 3. c3 Nf6 4. e5 Nd5 5. d4 cxd4 6. cxd4 d6 7. Bc4 Be7 8. O-O O-O 9. Qe2 b6 10. Bxd5 exd5 11. Nc3 dxe5 12. Nxe5 Bb7 13. Re1 Bd6 14. Qf3 f6 15. Nc4 Bb4 16. Ne3 Bxc3 17. bxc3 Re8 18.
Ba3 Na6 19. Nf5 Qc7 20. Nd6 Rxe1+ 21. Rxe1 Rd8 22. Qe3 Bc6 23. Qe6+ Kh8 24. Nf7+ Kg8 1-0

[Event "Late-Titled-Tuesday-Blitz-March-19-2024"]
[Site "Chess.com"]
[Date "2024.03.19"]
[Round "9"]
[White "VitaliyBernadskiy"]
[Black "dawid498"]
[Result "1-0"]
[WhiteElo "2891"]
[BlackElo "2708"]
[TimeControl "180+1"]
[EndTime "15:40:25 PDT"]
[Termination "VitaliyBernadskiy won by resignation"]

1. e4 c5 2. Nf3 g6 3. d4 cxd4 4.
Qxd4 Nf6 5. e5 Nc6 6. Qf4 Nd5 7. Qe4 Nb6 8. h4 Bg7 9. Nc3 d5 10. exd6 Bf5 11. dxe7 Nxe7 12. Bb5+ Nd7 13. Qe2 O-O 14. Bg5 Nf6 15. Rd1 Qc7 16. O-O a6 17. Ba4 h6 18.
Rfe1 hxg5 19. Qxe7 Qf4 20. Rd4 1-0

[Event "Late-Titled-Tuesday-Blitz-March-19-2024"]
[Site "Chess.com"]
[Date "2024.03.19"]
[Round "9"]
[White "Bastiandash"]
[Black "HajiyevKanan"]
[Result "0-1"]
[WhiteElo "2600"]
[BlackElo "2535"]
[TimeControl "180+1"]
[EndTime "15:40:49 PDT"]
[Termination "HajiyevKanan won by checkmate"]

1. e4 c6 2. d4 d5 3. f3 a6 4. Nc3 b5 5. a3 e6 6. Be3 Nf6 7. e5 Nfd7 8. f4 c5 9. Nf3 Nc6 10. Be2 Qb6 11. Bd3 g6 12. O-O cxd4 13. Bf2 Qc7 14. Ne2 Nc5 15. Nexd4 Nxd4 16. Nxd4 Nxd3 17. cxd3 Bb7 18. Rc1 Qd7 19. Nb3 Rc8 20. Rxc8+ Qxc8 21. Qd2 Be7 22. Rc1 Qd8 23. Bc5 O-O 24. Qb4 Re8 25.
Na5 Bxc5+ 26. Qxc5 Qxa5 27. Qd6 Qd2 28. Rc7 Qe1# 0-1

[Event "Late-Titled-Tuesday-Blitz-March-19-2024"]
[Site "Chess.com"]
[Date "2024.03.19"]
[Round "9"]
[White "ritanovikova"]
[Black "gorgeous1083"]
[Result "1-0"]
[WhiteElo "2206"]
[BlackElo "2059"]
[TimeControl "180+1"]
[EndTime "15:40:52 PDT"]
[Termination "ritanovikova won by resignation"]

1. e4 e6 2. d4 d5 3. Nd2 c5 4.
exd5 Qxd5 5. dxc5 Bxc5 6. Ngf3 Nf6 7. Bb5+ Bd7 8. Bxd7+ Qxd7 9. O-O O-O 10. Ne5 Qc7 11. Ndf3 Rd8 12. Qe2 Nc6 13. Bf4 Bd6 14. Rfe1 Nh5 15.
Bg5 Nxe5 16. Bxd8 Nxf3+ 17. Qxf3 Bxh2+ 18. Kh1 Rxd8 19. Qxh5 Rd5 20. Qxh2 1-0

[Event "Late-Titled-Tuesday-Blitz-March-19-2024"]
[Site "Chess.com"]
[Date "2024.03.19"]
[Round "9"]
[White "Burgsvik"]
[Black "Horokoskii"]
[Result "1-0"]
[WhiteElo "2286"]
[BlackElo "2167"]
[TimeControl "180+1"]
[EndTime "15:40:53 PDT"]
[Termination "Burgsvik won by checkmate"]

1. e4 c5 2. Nf3 d6 3. d4 cxd4 4.
Nxd4 Nf6 5. Nc3 Nc6 6. Be2 g6 7. Be3 h5 8. f3 Bd7 9. Qd2 Nxd4 10. Bxd4 Bh6 11. f4 Rc8 12. Be3 Ng4 13. Bxg4 Bxg4 14. h3 Be6 15. O-O-O Qa5 16. a3 Bg7 17. Bd4 Bxd4 18. Qxd4 O-O 19. g4 Qc5 20. gxh5 Qxd4 21. Rxd4 gxh5 22. f5 Bd7 23. Nd5 Rfe8 24. f6 e5 25. Rd3 Rc4 26. Ne7+ Kh7 27. Rg3 Rxe4 28. Rg7+ Kh8 29. Rxf7 Be6 30. Ng6+ Kg8 31. Rg7# 1-0

[Event "Late-Titled-Tuesday-Blitz-March-19-2024"]
[Site "Chess.com"]
[Date "2024.03.19"]
[Round "9"]
[White "SpeedofLight0"]
[Black "Zohid6"]
[Result "1-0"]
[WhiteElo "3065"]
[BlackElo "2885"]
[TimeControl "180+1"]
[EndTime "15:40:57 PDT"]
[Termination "SpeedofLight0 won by resignation"]

1. d4 d5 2. Nc3 Nf6 3. Bf4 e6 4.
e3 Bb4 5. Bd3 c5 6. dxc5 Nc6 7.
Nf3 Qa5 8. O-O Bxc3 9. bxc3 Qxc5 10. Nd2 Qxc3 11. e4 O-O 12. Rb1 e5 13. Bg5 Nxe4 14.
Nxe4 dxe4 15. Bxe4 h6 16. Be3 Qc4 17. Bd5 Qh4 18. Qf3 Bg4 19. Qe4 Qh5 20. Rxb7 Bf5 21.
Qa4 Nd4 22. Bxd4 exd4 23. Qxd4 Rad8 24. Rxf7 1-0

[Event "Late-Titled-Tuesday-Blitz-March-19-2024"]
[Site "Chess.com"]
[Date "2024.03.19"]
[Round "9"]
[White "inagreV"]
[Black "xakevicius91"]
[Result "0-1"]
[WhiteElo "2391"]
[BlackElo "2554"]
[TimeControl "180+1"]
[EndTime "15:40:59 PDT"]
[Termination "xakevicius91 won by resignation"]

1. e4 c5 2. Nf3 e6 3. d4 cxd4 4. Nxd4 Nc6 5. Nc3 Qc7 6. Qd3 Nf6 7.
Ndb5 Qb8 8. Qg3 d6 9. Be3 a6 10. Nd4 Bd7 11. O-O-O Qc7 12. f4 b5 13. e5 dxe5 14.
fxe5 b4 15. exf6 Qxg3 16. hxg3 bxc3 17. Nxc6 cxb2+ 18. Kb1 Bxc6 19. Bd4 g6 20. Kxb2 a5 21. Bc4 Rb8+ 22. Ka1 Bb4 23. c3 Ba3 24. Rd2 O-O 25. g4 Rfd8 26. g5 e5 27. Be3 Rxd2 28. Bxd2 Bb2+ 29. Kb1 Be4+ 0-1